 Dungeon Crawl Stone Soup version 0.18.1-48-g4cf74bf (webtiles) character file.

975 burninglegion64 the Skirmisher (level 7, -4/66 HPs)
             Began as a Minotaur Fighter on July 29, 2016.
             Was a Follower of Okawaru.
             Killed by divine providence
             ... invoked by an orc priest
              (15 damage)
             ... on level 5 of the Dungeon.
             The game lasted 00:22:37 (3938 turns).

burninglegion64 the Skirmisher (Minotaur Fighter)   Turns: 3938, Time: 00:22:37

Health: -4/66      AC: 14    Str: 23    XL:     7   Next: 95%
Magic:  6/6        EV:  5    Int:  5    God:    Okawaru [*.....]
Gold:   317        SH: 10    Dex:  9    Spells: 0 memorised, 6 levels left

rFire  . . .     SeeInvis .     a - +0 long sword
rCold  . . .     Gourm    .     k - +1 plate armour
rNeg   . . .     Faith    .     c - +0 shield
rPois  .         Spirit   .     (helmet restricted)
rElec  .         Dismiss  .     (no cloak)
rCorr  .         Reflect  .     (no gloves)
SustAt .         Harm     .     j - +0 pair of boots
MR     .....                    (no amulet)
Stlth  ..........               (no ring)
                                (no ring)

@: not resistant to hostile enchantments, extremely unstealthy
A: retaliatory headbutt, horns 2, mutation resistance 1
a: Heroism, Renounce Religion


You were on level 5 of the Dungeon.
You worshipped Okawaru.
Okawaru was aware of your devotion.
You were not hungry.

You visited 2 branches of the dungeon, and saw 6 of its levels.

You collected 317 gold pieces.

Inventory:

Hand Weapons
 a - a +0 long sword (weapon)
 h - a +2 war axe of electrocution
Armour
 c - a +0 shield (worn)
 j - a +0 pair of boots (worn)
 k - a +1 plate armour (worn)
Scrolls
 b - 8 scrolls of identify
 e - a scroll of teleportation
 i - 5 scrolls of remove curse
 m - a scroll of enchant armour
 n - a scroll of magic mapping {unknown}
 p - a scroll of recharging
Potions
 d - a potion of might
 l - a potion of flight {unknown}
 o - 2 potions of degeneration {unknown}
 r - a potion of magic {unknown}
 s - a potion of lignification
Comestibles
 f - 6 bread rations
 g - a beef jerky


   Skills:
 * Level 7.3 Fighting
 * Level 6.6 Long Blades
 + Level 5.9 Armour
 + Level 5.5 Shields


You had 6 spell levels left.
You didn't know any spells.

Dungeon Overview and Level Annotations

Branches:
Dungeon (5/15)             Temple (1/1) D:4

Altars:
Ashenzari
Cheibriados
Dithmenos
Elyvilon
Fedhas
Gozag
Kikubaaqudgha
Makhleb
Nemelex Xobeh
Okawaru
Pakellas
Ru
Sif Muna
Trog
Vehumet
Yredelemnul
Zin
The Shining One

Shops:
D:5 *


Innate Abilities, Weirdness & Mutations

You reflexively headbutt those who attack you in melee.
You have a pair of horns on your head.
You are somewhat resistant to further mutation.


Message History

You slash the orc priest!
The orc priest is severely wounded.
The orc priest hits you with a whip.
You closely miss the orc priest. Your headbutt misses the orc priest.
The orc priest is severely wounded.
The orc priest mumbles some strange prayers to Beogh against you.
Beogh smites you!
* * * LOW HITPOINT WARNING * * *
Drink which item? (? for menu, Esc to quit)
You feel better.
The orc priest invokes the aid of Beogh against you.
Pain shoots through your body!
* * * LOW HITPOINT WARNING * * *
Drink which item? (? for menu, Esc to quit)
Okay, then.
You hit the orc priest.
The orc priest is severely wounded.
The orc priest calls down the wrath of Beogh upon you.
Beogh smites you!
You die...

################
..........@o..:+
######.########
#.# #.#
#############.#
.##.........#.#
..#.........#.#
#.#.........#.#
............#.#


You could see an orc priest.

Vanquished Creatures
  Grinder (D:3)
  The ghost of SolCadguy the Ducker, an amateur DrAs (D:4)
  A big kobold (D:5)
  A scorpion (D:4)
  A howler monkey (D:3)
  A jelly (D:4)
  3 hounds (D:4)
  An orc priest (D:4)
  A giant frog skeleton (D:4)
  Jessica (D:3)
  An iguana (D:4)
  2 orc wizards
  A worker ant (D:4)
  9 adders
  An ooze (D:3)
  2 worms
  3 dart slugs
  9 orcs
  A ball python (D:1)
  6 bats
  A giant cockroach (D:2)
  4 goblins
  10 hobgoblins
  4 jackals
  13 kobolds
  5 quokkas
  A giant gecko skeleton (D:4)
  3 giant newts
  7 rats
95 creatures vanquished.

Vanquished Creatures (others)
  An orc wizard (D:4)
1 creature vanquished.

Grand Total: 96 creatures vanquished

Notes
Turn   | Place    | Note
--------------------------------------------------------------
     0 | D:1      | burninglegion64 the Minotaur Fighter began the quest for the Orb.
     0 | D:1      | Reached XP level 1. HP: 19/19 MP: 0/0
   270 | D:1      | Reached skill level 4 in Fighting
   292 | D:1      | Reached XP level 2. HP: 27/27 MP: 1/1
   412 | D:1      | Gained mutation: You are somewhat resistant to further mutation. [potion of mutation]
   637 | D:2      | Reached XP level 3. HP: 33/33 MP: 2/2
   878 | D:2      | Reached XP level 4. HP: 41/41 MP: 3/3
  1583 | D:3      | Reached skill level 5 in Fighting
  1583 | D:3      | Reached XP level 5. HP: 43/48 MP: 4/4
  1590 | D:3      | Noticed Grinder
  1601 | D:3      | Killed Grinder
  1601 | D:3      | Reached skill level 5 in Long Blades
  1601 | D:3      | Reached skill level 5 in Armour
  1601 | D:3      | Reached XP level 6. HP: 27/57 MP: 5/5
  2042 | D:3      | Noticed Jessica
  2047 | D:3      | Killed Jessica
  2217 | D:4      | Reached skill level 6 in Fighting
  2342 | D:4      | Reached skill level 5 in Shields
  2342 | D:4      | Reached XP level 7. HP: 63/63 MP: 6/6
  2353 | D:4      | Found a staircase to the Ecumenical Temple.
  2362 | Temple   | Entered the Ecumenical Temple
  2453 | Temple   | Became a worshipper of Warmaster Okawaru
  2595 | D:4      | Found a blossoming altar of Fedhas.
  3438 | D:4      | Noticed SolCadguy's ghost (amateur DrAs)
  3455 | D:4      | Killed SolCadguy's ghost
  3455 | D:4      | Reached skill level 7 in Fighting
  3666 | D:5      | Entered Level 5 of the Dungeon
  3671 | D:5      | Found Bituw's General Store.
  3741 | D:5      | Reached * piety under Okawaru
  3938 | D:5      | Killed from afar by an orc priest

Skill      XL: |  1  2  3  4  5  6  7 |
---------------+----------------------+-----
Fighting       | 4 5 6 7 |  7.3
Armour         | 4 5 |  5.9
Long Blades    | 3 4 5 6 |  6.6
Shields        | 4 5 |  5.5

Action                   |  1- 3 |  4- 6 |  7- 9 || total
-------------------------+-------+-------+-------++-------
Melee: Long sword        |    96 |   119 |   121 ||   336
       Headbutt          |    14 |    21 |    26 ||    61
  Use: Scroll            |     3 |     3 |       ||     6
       Potion            |     2 |     3 |     1 ||     6
  Eat: Chunk             |       |     5 |     5 ||    10
Armor: Scale mail        |    19 |       |       ||    19
       Plate armour      |    14 |    63 |    66 ||   143
Dodge: Dodged            |    27 |    21 |    18 ||    66
Block: Shield            |    36 |    47 |    64 ||   147
